 Dungeon Sprint DCSS version 0.27-a0-860-gaf99fae3ca (webtiles) character file.

Game seed: 14153630826473310271

7322 rocky1 the Bludgeoner (level 11, -1/184 HPs)
             Began as an Ogre Berserker on Apr 2, 2021.
             Was the Champion of Trog.
             Slain by a merfolk impaler
             ... wielding a +1 demon trident of electrocution
              (9 damage)
             ... in the Dungeon (Sprint VII: "The Pits").
             The game lasted 00:11:51 (2069 turns).

rocky1 the Bludgeoner (Ogre Berserker)              Turns: 2069, Time: 00:11:52

Health: -1/184     AC: 10    Str: 24    XL:     11   Next: 13%
Magic:  3/3        EV: 12    Int: 11    God:    Trog [******]
Gold:   0          SH:  0    Dex: 10    Spells: 10/10 levels left

rFire    . . .     SeeInvis .   n - +7 giant spiked club (antimagic)
rCold    . . .     Faith    .   (shield currently unavailable)
rNeg     . . .     Spirit   .   m - +0 troll leather armour
rPois    .         Reflect  .   (helmet restricted)
rElec    .         Harm     .   u - +0 cloak
rCorr    .         Rampage  .   (gloves unavailable)
Will     +++..     NoTele   +   (boots unavailable)
Stlth    ..........             (no amulet)
HPRegen  2.40/turn              o - +3 ring of protection
MPRegen  0.08/turn              p - +3 ring of intelligence

@: berserking, regenerating, very quick
A: large, unfitting armour, tough skin 1
a: Renounce Religion, Berserk, Trog's Hand, Brothers in Arms


You were in the Dungeon.
You worshipped Trog.
Trog was exalted by your worship.
You visited 1 branch

Inventory:

Hand Weapons
 i - a +2 vorpal hand axe
 k - a +1 flail of protection
 l - a +7 battleaxe
 n - a +7 antimagic giant spiked club (weapon)
 s - the +2 morningstar of the Destroying Blowfly {freeze, *Corrode +Rage +Fly Str-4}
   (You found it in the Dungeon)

   It has been specially enchanted to freeze those struck by it, causing extra
   injury to most foes and up to half again as much damage against particularly
   susceptible opponents.
   It can also slow down cold-blooded creatures.
   It affects your strength (-4).
   It grants you flight.
   It lets you go berserk.
   It may corrode you when you take damage.
 t - a +1 vorpal broad axe
Missiles
 b - 6 large rocks
Armour
 m - a +0 troll leather armour (worn)
 u - a +0 cloak (worn)
Jewellery
 o - a +3 ring of protection (left hand)
 p - a +3 ring of intelligence (right hand)
Wands
 v - a wand of random effects (13)
Potions
 a - 2 potions of invisibility
 c - 8 potions of curing
 d - 4 potions of heal wounds
 e - 2 potions of haste
 f - 4 potions of magic
 g - 3 potions of berserk rage
 q - a potion of might
 r - a potion of mutation


   Skills:
 + Level 12.2 Fighting
 + Level 12.5(16.0) Axes
 + Level 15.4(16.7) Maces & Flails
 + Level 2.2 Throwing
 + Level 7.6 Armour
 + Level 8.9 Dodging


You had 10 spell levels left.
You didn't know any spells.
Your spell library was empty.

Dungeon Overview and Level Annotations

Branches:
Dungeon (1/1)

Altars:
Ashenzari
Cheibriados
Dithmenos
Elyvilon
Fedhas
Gozag
Hepliaklqana
Kikubaaqudgha
Makhleb
Nemelex Xobeh
Okawaru
Qazlal
Ru
Sif Muna
Trog
Uskayaw
Vehumet
Wu Jian
Xom
Yredelemnul
Zin
The Shining One
Beogh
Jiyva
Lugonu


Innate Abilities, Weirdness & Mutations

You are too large for most types of armour.
You have tough skin. (AC +1)


Message History

Your skin crawls.
You feel strong-willed.
The merfolk impaler hits you from afar with a +1 demon trident of electrocution!
The merfolk impaler hits you from afar with a +1 demon trident of electrocution.
A red film seems to cover your vision as you go berserk!
You feel yourself moving faster!
You feel mighty!
The merfolk impaler hits you from afar with a +1 demon trident of electrocution!
You are electrocuted!
You are too injured to fight recklessly!
You are too injured to fight recklessly!
You are too injured to fight recklessly!
You are too injured to fight recklessly!
You feel a strong urge to attack something.
The merfolk hits you from afar with a +0 trident.
The merfolk impaler completely misses you.
The merfolk hits you with a +0 trident!
Things that are here:
a kobold skeleton; a kobold skeleton You thump the merfolk!
The merfolk is severely wounded.
The merfolk impaler barely misses you.
The merfolk hits you but does no damage.
The merfolk hits you with a +0 trident!
* * * LOW HITPOINT WARNING * * *
The merfolk impaler hits you with a +1 demon trident of electrocution!!
* * * LOW HITPOINT WARNING * * *
You are electrocuted!
* * * LOW HITPOINT WARNING * * *
You completely miss the merfolk.
The merfolk is severely wounded.
The merfolk impaler barely misses you.
Unknown command.
You bludgeon the merfolk!!
You kill the merfolk!
Trog accepts your kill. The merfolk closely misses you.
The merfolk impaler hits you with a +1 demon trident of electrocution!
* * * LOW HITPOINT WARNING * * *
You are electrocuted!
You die...

__.# __.# ...###########++######
##'##................#
)'.##......#..#......#
##.##................+
....).)..............+
#####......#..#......#
#[[##.........))@....#
#))#####'#####'m######
#).##.......##'m# ###### #####
#))##.......##..# .....###...#
#..##.......##..# #'#.........
#'###...<...##..# ##.##.....#..
...##.......##..# ##...##.))###.
...##.......##..####.....##)##.##
#####.......##...##)....)#).)#.#.


You could see a merfolk impaler and a merfolk.

Vanquished Creatures
  An eidolon (D)
  A death yak (D)
  A lindwurm (shapeshifter) (D)
  3 kobold demonologists (D)
  An unseen horror (D)
  A troll (D)
  2 merfolk (D)
  Prince Ribbit (D)
  A wyvern (D)
  A spriggan (D)
  A fire bat (D)
  A sky beast (D)
  3 wolves (D)
  A centaur (D)
  2 phantoms (D)
  4 wights (D)
  A crimson imp (D)
  An iron imp (D)
  A gnoll shaman (D)
  An iguana (D)
  2 orc wizards (D)
  2 gnolls (D)
  An adder (D)
  A white imp (D)
  An adder skeleton (D)
  An orc (D)
  A ball python (D)
  2 giant cockroaches (D)
  3 jackals (D)
  2 kobolds (D)
  A bat (D)
  A rat (D)
47 creatures vanquished.

Vanquished Creatures (collateral kills)
  A two-headed ogre (D)
  A vampire mage (D)
  A flayed ghost (D)
  A swamp dragon (D)
  An orc knight (D)
  A cyclops (D)
  An elephant (D)
  A demonic crawler (D)
  A basilisk (D)
  Grum (D)
  A necrophage (D)
  An ogre (D)
  3 wolves (D)
  6 wights (D)
  2 orc priests (D)
  3 gnolls (D)
  An adder (D)
  2 worms (D)
  An orc (D)
  A jackal (D)
  A quokka skeleton (D)
32 creatures vanquished.

Grand Total: 79 creatures vanquished

Notes
Turn   | Place    | Note
-------+----------+-------------------------------------------
     0 | D        | rocky1 the Ogre Berserker began the quest for the Orb.
     0 | D        | Reached XP level 1. HP: 24/24 MP: 1/1
    22 | D        | Found a bloodstained altar of Trog.
    22 | D        | Found a shimmering blue altar of Sif Muna.
    22 | D        | Found a viscous altar of Jiyva.
    22 | D        | Found a hazy altar of Hepliaklqana.
    22 | D        | Found an opulent altar of Gozag.
    23 | D        | Found a glowing golden altar of the Shining One.
    23 | D        | Found a glowing silver altar of Zin.
    23 | D        | Found a basalt altar of Yredelemnul.
    23 | D        | Found a shimmering altar of Xom.
    23 | D        | Found an ornate altar of the Wu Jian Council.
    23 | D        | Found a sacrificial altar of Ru.
    23 | D        | Found a stormy altar of Qazlal.
    23 | D        | Found an iron altar of Okawaru.
    23 | D        | Found a sparkling altar of Nemelex Xobeh.
    23 | D        | Found a burning altar of Makhleb.
    23 | D        | Found a blossoming altar of Fedhas.
    23 | D        | Found a white marble altar of Elyvilon.
    23 | D        | Found a shadowy altar of Dithmenos.
    23 | D        | Found a snail-covered altar of Cheibriados.
    25 | D        | Found a radiant altar of Vehumet.
    25 | D        | Found a corrupted altar of Lugonu.
    26 | D        | Found a hide-covered altar of Uskayaw.
    26 | D        | Found an ancient bone altar of Kikubaaqudgha.
    26 | D        | Found a broken altar of Ashenzari.
    65 | D        | Reached skill level 3 in Maces & Flails
    69 | D        | Reached ** piety under Trog
    70 | D        | Reached skill level 5 in Fighting
    70 | D        | Reached skill level 1 in Armour
    70 | D        | Reached XP level 2. HP: 35/35 MP: 2/2
   431 | D        | Noticed Prince Ribbit
   438 | D        | Reached XP level 3. HP: 42/42 MP: 3/3
   438 | D        | Reached *** piety under Trog
   534 | D        | Noticed a fire bat
   546 | D        | Killed a fire bat
   547 | D        | Reached skill level 5 in Maces & Flails
   547 | D        | Reached skill level 5 in Dodging
   547 | D        | Reached XP level 4. HP: 45/57 MP: 4/4
   547 | D        | Reached XP level 5. HP: 50/63 MP: 5/5
   555 | D        | Reached **** piety under Trog
   556 | D        | Reached skill level 6 in Maces & Flails
   556 | D        | Reached XP level 6. HP: 32/74 MP: 6/6
   561 | D        | Reached skill level 5 in Armour
   570 | D        | Reached ***** piety under Trog
   578 | D        | Reached skill level 10 in Fighting
   578 | D        | Reached skill level 7 in Maces & Flails
  1157 | D        | Noticed a troll
  1171 | D        | HP: 5/117 [troll (2)]
  1172 | D        | Killed a troll
  1173 | D        | Reached XP level 7. HP: 6/87 MP: 7/7
  1518 | D        | Received a gift from Trog
  1519 | D        | Reached skill level 8 in Maces & Flails
  1524 | D        | Reached XP level 8. HP: 97/97 MP: 8/8
  1561 | D        | Noticed a death yak
  1561 | D        | Noticed a spriggan
  1563 | D        | Killed a spriggan
  1564 | D        | Reached skill level 9 in Maces & Flails
  1569 | D        | Killed a death yak
  1570 | D        | Reached skill level 11 in Maces & Flails
  1603 | D        | Got the +2 morningstar of the Destroying Blowfly {freeze,
                  | *Corrode +Rage +Fly Str-4}
  1673 | D        | Killed Prince Ribbit
  1673 | D        | Received a gift from Trog
  1674 | D        | Reached skill level 12 in Maces & Flails
  1674 | D        | Reached XP level 9. HP: 105/105 MP: 3/9
  1687 | D        | Noticed a kobold demonologist
  1693 | D        | Noticed a kobold demonologist
  1696 | D        | Noticed a meliai
  1699 | D        | Killed a kobold demonologist
  1699 | D        | Noticed a lindwurm
  1699 | D        | a meliai changed into a lindwurm
  1700 | D        | Killed a kobold demonologist
  1704 | D        | Killed a lindwurm
  1704 | D        | Reached ****** piety under Trog
  1705 | D        | Reached skill level 13 in Maces & Flails
  1739 | D        | Noticed a flayed ghost
  1740 | D        | Noticed a demonic crawler
  1741 | D        | Noticed a two-headed ogre
  1746 | D        | Killed a flayed ghost
  1746 | D        | Received a gift from Trog
  1748 | D        | Killed a two-headed ogre
  1749 | D        | Reached XP level 10. HP: 70/114 MP: 3/10
  1751 | D        | Reached skill level 10 in Axes
  1751 | D        | Reached skill level 14 in Maces & Flails
  1761 | D        | Noticed a cyclops
  1763 | D        | Noticed a kobold demonologist
  1764 | D        | Noticed an eidolon
  1764 | D        | Noticed an elephant
  1766 | D        | Killed a cyclops
  1766 | D        | Received a gift from Trog
  1767 | D        | Noticed a sun demon
  1768 | D        | Killed a kobold demonologist
  1770 | D        | Noticed a swamp dragon
  1771 | D        | Noticed a vampire mage
  1772 | D        | Killed an eidolon
  1772 | D        | Noticed Grum
  1778 | D        | Killed a swamp dragon
  1780 | D        | Killed an elephant
  1780 | D        | Received a gift from Trog
  1781 | D        | Reached skill level 15 in Maces & Flails
  1782 | D        | Killed Grum
  1790 | D        | Killed a vampire mage
  1790 | D        | Received a gift from Trog
  1792 | D        | Noticed an orc knight
  1801 | D        | Killed an orc knight
  1802 | D        | Received a gift from Trog
  1804 | D        | Reached XP level 11. HP: 67/123 MP: 3/11
  1996 | D        | Reached skill level 1 in Throwing
  2005 | D        | Received a gift from Trog
  2027 | D        | Noticed a merfolk impaler
  2069 | D        | HP: 8/184 [merfolk impaler/+1 demon trident of
                  | electrocution (15)]
  2069 | D        | Slain by a merfolk impaler

Illustrated notes

Levels and vault maps discovered:
D:        pitsprint [storerooms_1, entrance_room_1, metal_vault_3, armoury_1,
          mini_pit_1, grid_room_1, main_hall_1, silver_pit, the_coven_1,
          the_vestibule_1, steel_vault_2, golden_pit, hallway_of_sentries,
          crystal_vault_4, iron_vault_2, final_vault]

Skill      XL: |  1  2  3  4  5  6  7  8  9 10 11 |
---------------+----------------------------------+-----
Maces & Flails | 3 5 6 7 8 12 13 15 | 15.4
Dodging        | 3 5 6 7 8 |  8.9
Fighting       | 5 8 10 11 12 | 12.2
Armour         | 1 2 4 6 7 |  7.6
Axes           | 2 3 4 9 12 | 12.5
Throwing       | 2 |  2.2

Action                   |  1- 3 |  4- 6 |  7- 9 | 10-12 || total
-------------------------+-------+-------+-------+-------++-------
Melee: Mace              |    26 |       |       |       ||    26
       Flail             |     5 |    40 |     7 |       ||    52
       Giant spiked club |       |       |    26 |    52 ||    78
Invok: Berserk           |     3 |     1 |     2 |     1 ||     7
       Trog's Hand       |     1 |     1 |     1 |     2 ||     5
       Brothers in Arms  |       |     1 |     1 |     2 ||     4
  Use: Potion            |     2 |     2 |       |     2 ||     6
       Scroll            |       |       |       |     2 ||     2
Armor: Animal skin       |     5 |     7 |       |       ||    12
       Troll leather arm |       |       |    13 |    14 ||    27
Dodge: Dodged            |    17 |    25 |    14 |    37 ||    93

Table legend: (Time is in decaauts)
 A = Elapsed time spent in this place.
 B = Non-inter-level travel time spent in this place.
 C = Inter-level travel time spent in this place.
 D = Time resting spent in this place.
 E = Time spent auto-exploring this place.
 F = Levels seen in this place.
 G = Mean time per level.
                   A        B        C        D        E       F      G
               +--------+--------+--------+--------+--------+-----+--------+
         Total |   2124 |   2124 |      0 |   1407 |      0 |   1 | 2124.0 |
       Dungeon |   2124 |   2124 |      0 |   1407 |      0 |   1 | 2124.0 |
               +--------+--------+--------+--------+--------+-----+--------+

Top non-repeatable levels by time:
       D: 2124 daAuts
